 Dungeon Crawl Stone Soup version 0.26.1-16-g4e020e15dc (webtiles) character file.

Game seed: 14499879460955820393

1629 Twinkles the Changer (level 8, -4/62 HPs)
             Began as a Merfolk Transmuter on Apr 12, 2023.
             Was a Believer of Elyvilon.
             Slain by an orc warrior
             ... wielding a +0 hand axe
              (10 damage)
             ... on level 6 of the Dungeon on Apr 13, 2023.
             The game lasted 00:28:35 (9058 turns).

Twinkles the Changer (Merfolk Transmuter)           Turns: 9058, Time: 00:28:35

Health: -4/62      AC:  4    Str: 13    XL:     8   Next: 97%
Magic:  8/11       EV: 19    Int: 18    God:    Elyvilon [**....]
Gold:   336        SH:  0    Dex: 14    Spells: 0/11 levels left

rFire    . . .     SeeInvis .     - Unarmed
rCold    . . .     Faith    .   (no shield)
rNeg     . . .     Spirit   .   a - +1 robe
rPois    .         Reflect  .   (no helmet)
rElec    .         Harm     .   s - +0 cloak (curse)
rCorr    .         Rampage  .   (no gloves)
Will     .....                  (no boots)
Stlth    ++........             (no amulet)
HPRegen  0.20/turn              d - +4 ring of evasion
MPRegen  0.12/turn              m - +6 ring of intelligence

@: very slightly contaminated
A: change form in water, swift swim, stealthy swim
a: Renounce Religion, Lesser Healing, Heal Other, Divine Protection


You were on level 6 of the Dungeon.
You worshipped Elyvilon.
Elyvilon was pleased with you.
You visited 2 branches of the dungeon, and saw 8 of its levels.

You collected 392 gold pieces.
You spent 56 gold pieces at shops.

Inventory:

Missiles
 y - 6 boomerangs
 A - a throwing net
 C - 7 poisoned darts
Armour
 a - a +1 robe (worn)
 h - the +1 leather armour of the Tick {*Corrode rPois rN++}
   (You found it on level 5 of the Dungeon)

   It protects you from poison.
   It greatly protects you from negative energy.
   It may corrode you when you take damage.
 s - a cursed +0 cloak (worn)
 E - the +1 robe of Hepliaklqana's Reproof {rPois rF- rCorr MP-9}
   (You found it on level 7 of the Dungeon)

   It makes you vulnerable to fire.
   It protects you from poison.
   It affects your magic capacity (-9).
   It provides partial protection from all sources of acid and corrosion.
Jewellery
 d - a +4 ring of evasion (left hand)
 j - an uncursed ring of flight
 m - a +6 ring of intelligence (right hand)
 o - an uncursed amulet of guardian spirit {unknown}
 B - a +4 ring of protection {unknown}
Scrolls
 b - 2 scrolls of magic mapping
 c - 2 scrolls of blinking {unknown}
 f - 3 scrolls of enchant armour
 g - a scroll of fear {unknown}
 k - 3 scrolls of remove curse {unknown}
 l - 2 scrolls of teleportation
 n - a scroll of noise {unknown}
 p - a scroll of fog {unknown}
 q - a scroll of random uselessness {unknown}
 u - 2 scrolls of amnesia {unknown}
 v - a scroll of immolation {unknown}
 x - 2 scrolls of enchant weapon {unknown}
Potions
 e - a potion of heal wounds
 i - 4 potions of curing
 r - a potion of might
 t - 2 potions of lignification
 w - a potion of brilliance {unknown}
 z - 2 potions of flight
 D - a potion of cancellation {unknown}


   Skills:
 + Level 5.1 Fighting
 - Level 6.0 Dodging
 - Level 3.0 Stealth
 + Level 6.2 Unarmed Combat
 - Level 2.0 Spellcasting
 * Level 7.3 Transmutations
 - Level 2.0 Poison Magic
 * Level 3.6 Invocations
 - Level 2.1 Evocations


You couldn't memorise any spells.
You knew the following spells:

 Your Spells              Type           Power        Failure   Level
a - Beastly Appendage     Tmut           56%          1%          1
b - Wereblood             Tmut           28%          1%          2
c - Spider Form           Tmut/Pois      9%           8%          3
d - Blade Hands           Tmut           14%          24%         5

Your spell library contained the following spells:

 Spells                   Type           Power        Failure   Level
 Shock                    Conj/Air       4%           19%         1
 Swiftness                Air            1%           26%         2
 Ice Form                 Ice/Tmut       15%          36%         4
 Static Discharge         Conj/Air       1%           47%         3
 Airstrike                Air            0%           87%         4
 Lightning Bolt           Conj/Air       0%           99%         5


Dungeon Overview and Level Annotations

Branches:
Dungeon (7/15)             Temple (1/1) D:5

Altars:
Ashenzari
Cheibriados
Dithmenos
Elyvilon
Fedhas
Gozag
Hepliaklqana
Kikubaaqudgha
Makhleb
Nemelex Xobeh
Okawaru
Qazlal
Ru
Sif Muna
Trog
Uskayaw
Vehumet
Wu Jian
Xom
Yredelemnul
Zin
The Shining One

Shops:
D:4 =!

Annotations:
D:4 1 runed translucent door, Crazy Yiuf
D:5 3 runed translucent doors, wallyj24's ghost, novice GnFi


Message History

The orc wizard blinks!
The orc priest casts a cantrip, but nothing happens.
Found 19 sling bullets.
Your transformation is almost over.
You feel a bit more experienced.
Your transformation has ended.
Your cursed +0 cloak unmelds from your body.
Your +1 robe unmelds from your body.
There is a stone staircase leading up here.
An orc wizard appears from thin air!
Reactivating autopickup.
You climb upwards.
There is a stone staircase leading down here.
Casting: Spider Form (dangerous; 8% risk of failure)
Press: ? - help, Q - select action, (/) - cycle Dir - look around, f - activate You miscast Spider Form.
You are very lightly contaminated with residual magic.
Nothing appears to happen.
The orc warrior hits you with a +0 hand axe!
You die...

#.# #..##.####.#
#.# #..##.# #.# #.#
##..##.# #.####
##.## #......#
#..... ##.#.##
#...#### ######
##.###.######.....#
#.## ##.....#.#.#.#
##.###.####.#.#.#.#
##.#.##
#@#.#.#.##### #
##.##
#o#.#.......#### #
###
#.#............###
#.#..##.###.#.....
#.#..##.###.#..##.
#.#..##.##........
#.#..##...........
#.#..###.#####.##.
#.#......# #.##.


You could see an orc warrior.

Vanquished Creatures
  Sigmund (D:6)
  An orc warrior (D:6)
  3 ogres
  2 centaurs
  A bullfrog (D:6)
  5 wights
  2 orc priests
  A bullfrog skeleton (D:7)
  A jelly (D:7)
  4 iguanas
  5 orc wizards
  5 worker ants
  A hound skeleton (D:5)
  7 adders
  A white imp (D:6)
  An ufetubus (D:7)
  2 oozes
  3 worms
  3 dart slugs
  3 leopard geckos
  18 orcs
  A ball python (D:2)
  10 bats
  4 giant cockroaches
  6 goblins
  6 hobgoblins
  12 jackals
  3 kobolds
  3 quokkas
  3 frilled lizards
  A jackal zombie (D:3)
  A leopard gecko zombie (D:5)
  4 rats
124 creatures vanquished.

Notes
Turn   | Place    | Note
-------+----------+-------------------------------------------
     0 | D:1      | Twinkles the Merfolk Transmuter began the quest for the
                  | Orb.
     0 | D:1      | Reached XP level 1. HP: 15/15 MP: 3/3
   311 | D:1      | Reached XP level 2. HP: 17/21 MP: 3/5
   650 | D:1      | Reached skill level 3 in Transmutations
   820 | D:1      | Reached skill level 1 in Stealth
   944 | D:1      | Reached XP level 3. HP: 26/26 MP: 4/6
  1539 | D:2      | Reached XP level 4. HP: 27/33 MP: 7/7
  1826 | D:2      | Learned a level 2 spell: Wereblood
  2518 | D:3      | Learned a level 3 spell: Spider Form
  3059 | D:4      | HP: 7/34 [worker ant (5)]
  3066 | D:4      | Reached skill level 1 in Poison Magic
  3066 | D:4      | Reached XP level 5. HP: 15/39 MP: 8/8
  3388 | D:4      | Noticed an ogre
  3413 | D:4      | HP: 4/39 [ogre/+0 giant club (20)]
  3414 | D:4      | Killed an ogre
  3415 | D:4      | Reached skill level 4 in Transmutations
  3415 | D:4      | Reached XP level 6. HP: 5/46 MP: 6/9
  3699 | D:4      | Found Gesum's Distillery.
  3707 | D:4      | Bought a potion of might for 56 gold pieces
  3728 | D:4      | Found Xet Weh's Jewellery Emporium.
  4405 | D:4      | Found a runed translucent door.
  4406 | D:4      | Noticed Crazy Yiuf
  5045 | D:5      | Entered Level 5 of the Dungeon
  5053 | D:5      | Reached XP level 7. HP: 52/52 MP: 6/10
  5081 | D:5      | Found a staircase to the Ecumenical Temple.
  5087 | Temple   | Entered the Ecumenical Temple
  5166 | Temple   | Became a worshipper of Elyvilon the Healer
  5239 | D:5      | Reached skill level 5 in Transmutations
  5246 | D:5      | Reached skill level 5 in Unarmed Combat
  5580 | D:5      | Got a brightly glowing leather armour
  5603 | D:5      | Identified the +1 leather armour of the Tick {*Corrode
                  | rPois rN++} (You found it on level 5 of the Dungeon)
  5650 | D:5      | Found a runed translucent gate.
  5650 | D:5      | Found a runed translucent gate.
  5651 | D:5      | Found a runed translucent gate.
  5759 | D:5      | Noticed wallyj24's ghost (novice GnFi)
  5882 | D:5      | Reached * piety under Elyvilon
  6041 | D:5      | Reached skill level 1 in Evocations
  6538 | D:6      | Noticed Sigmund
  6668 | D:6      | Found an ancient bone altar of Kikubaaqudgha.
  6873 | D:6      | Reached skill level 5 in Dodging
  6926 | D:6      | Reached ** piety under Elyvilon
  6991 | D:6      | HP: 12/54 [something/magic dart (8)]
  6997 | D:6      | HP: 7/54 [something/puff of frost (6)]
  7403 | D:6      | Reached XP level 8. HP: 44/61 MP: 7/11
  7771 | D:6      | Found a hide-covered altar of Uskayaw.
  8113 | D:6      | Killed Sigmund
  8114 | D:6      | Reached skill level 6 in Transmutations
  8114 | D:6      | Reached skill level 1 in Invocations
  8206 | D:6      | Learned a level 5 spell: Blade Hands
  8610 | D:7      | Got a faintly glowing robe
  8633 | D:7      | Identified the +1 robe of Hepliaklqana's Reproof {rPois rF-
                  | rCorr MP-9} (You found it on level 7 of the Dungeon)
  8739 | D:7      | Reached skill level 7 in Transmutations
  8752 | D:7      | Reached skill level 5 in Fighting
  9029 | D:7      | HP: 17/62 [orc priest/divine providence (14)]
  9036 | D:7      | HP: 1/62 [orc priest/divine providence (17)]
  9058 | D:6      | Slain by an orc warrior

Illustrated notes

Levels and vault maps discovered:
D:1:      dpeg_arrival_houses_and_road, layout_loops_ring, moated_statue
D:2:      layout_basic
D:3:      layout_loops_ring, minmay_misc_feat_columns,
          kennysheep_generic_room_15
D:4:      layout_loops_ring, serial_shops, shop, nicolae_shop_trees,
          uniq_crazy_yiuf_cottage
D:5:      layout_basic, minmay_temple_entry_hall, gammafunk_ghost_necromancy,
          kennysheep_small_circle
D:6:      layout_loops_ring, kennysheep_mini, basic_altar, uniq_sigmund
D:7:      layout_loops_ring
Temple:   grunt_wide_crystal_templ

Skill      XL: |  1  2  3  4  5  6  7  8 |
---------------+-------------------------+-----
Dodging        | 3 4 5 6 |  6.0
Transmutations | 3 4 5 7 |  7.3
Stealth        | 1 2 3 |  3.0
Fighting       | 2 3 4 5 |  5.1
Unarmed Combat | 4 5 6 |  6.2
Poison Magic   | 1 2 |  2.0
Evocations     | 2 |  2.1
Invocations    | 3 |  3.6
Spellcasting   | |  2.0

Action                   |  1- 3 |  4- 6 |  7- 9 || total
-------------------------+-------+-------+-------++-------
Melee: Unarmed           |    95 |   194 |   155 ||   444
       Headbutt          |    13 |    23 |       ||    36
       Punch             |     1 |     1 |       ||     2
 Cast: Beastly Appendage |    24 |    30 |       ||    54
       Wereblood         |       |     1 |       ||     1
       Spider Form       |       |     6 |    32 ||    38
  Use: Potion            |       |     1 |       ||     1
       Scroll            |       |     4 |     3 ||     7
 Stab: Sleeping          |     2 |     6 |     3 ||    11
Armor: Robe              |    11 |    25 |       ||    36
       Skin              |       |       |     5 ||     5
Dodge: Dodged            |    61 |   152 |   141 ||   354
